 Dungeon Crawl Stone Soup version 0.19.5 (webtiles) character file.

19858 Hybris the Basher (level 12, -5/105 HPs)
             Began as a Demonspawn Berserker on Mar 31, 2017.
             Was a High Priest of Trog.
             Killed from afar by a shock serpent (shapeshifter) (15 damage)
             ... with a bolt of electricity
             ... on level 13 of the Dungeon on Apr 1, 2017.
             The game lasted 00:38:50 (15935 turns).

Hybris the Basher (Demonspawn Berserker)           Turns: 15935, Time: 00:38:50

Health: -5/105     AC: 20    Str: 21    XL:     12   Next: 40%
Magic:  13/13      EV:  8    Int: 13    God:    Trog [*****.]
Gold:   662        SH:  0    Dex: 12    Spells: 0 memorised, 11 levels left

rFire  . . .     SeeInvis .     s - +9 great mace (protect)
rCold  . . .     Gourm    .     J - +0 chain mail (curse)
rNeg   . . .     Faith    +     (shield currently unavailable)
rPois  .         Spirit   .     (helmet restricted)
rElec  .         Reflect  .     C - +0 cloak
rCorr  .         Harm     .     F - +2 pair of gloves
MR     .....                    (no boots)
Stlth  ..........               l - amulet of faith
                                H - +2 ring of dexterity
                                o - +4 ring of protection

@: exhausted, very slightly contaminated, invisible (expiring)
A: claws 2, horns 1, talons 1, rugged brown scales 2, clever 1, clumsy 1, high
mp 1, wild magic 1, rot immunity
a: Berserk, Trog's Hand, Brothers in Arms, Burn Spellbooks, Renounce Religion


You were on level 13 of the Dungeon.
You worshipped Trog.
Trog was extremely pleased with you.
You were hungry.

You visited 2 branches of the dungeon, and saw 14 of its levels.
You also visited: Sewer.

You collected 727 gold pieces.
You spent 65 gold pieces at shops.

Inventory:

Hand Weapons
 m - a +3 mace
 s - a +9 great mace of protection (weapon)
 R - a +4 dire flail of draining
Armour
 C - a +0 cloak (worn)
 F - a +2 pair of gloves (worn)
 J - a cursed +0 chain mail (worn)
 L - a +2 chain mail of fire resistance
Jewellery
 l - an amulet of faith (around neck)
 o - a +4 ring of protection (left hand)
 H - a +2 ring of dexterity (right hand)
 I - an uncursed ring of wizardry {unknown}
 M - a +3 ring of dexterity
Wands
 j - a wand of lightning (4/15)
 y - a wand of paralysis (11/24)
 E - a wand of digging (6/24)
Scrolls
 a - a scroll of enchant weapon
 h - 2 scrolls of magic mapping
 u - 2 scrolls of blinking
 w - a scroll of teleportation
 x - a scroll of fog
 z - a scroll of recharging
 B - 4 scrolls of identify
 D - 2 scrolls of summoning
 G - a scroll of fear
Potions
 b - a potion of cancellation {unknown}
 d - 4 potions of flight
 e - 14 potions of curing
 f - a potion of beneficial mutation {unknown}
 i - a potion of resistance {unknown}
 k - a potion of cure mutation {unknown}
 n - a potion of agility {unknown}
 p - a potion of brilliance {unknown}
 r - 3 potions of heal wounds
 t - a potion of might
 v - 2 potions of lignification
Comestibles
 c - 14 bread rations
 g - 4 meat rations
 A - 4 chunks of flesh
 O - a fruit


   Skills:
 + Level 11.2 Fighting
   Level 6.5(11.0) Axes
 * Level 13.6(14.1) Maces & Flails
 + Level 5.4 Armour
 - Level 1.7 Dodging
   Level 1.9 Shields


You had 11 spell levels left.
You didn't know any spells.

Dungeon Overview and Level Annotations

Branches:
Dungeon (13/15)            Temple (1/1) D:4            Lair (0/6) D:8
    Orc (0/2) D:11
 Vaults: D:13-14

Altars:
Ashenzari
Cheibriados
Dithmenos
Elyvilon
Fedhas
Gozag
Hepliaklqana
Kikubaaqudgha
Makhleb
Nemelex Xobeh
Okawaru
Qazlal
Ru
Sif Muna
Trog
Uskayaw
Vehumet
Xom
Yredelemnul
Zin
The Shining One
Beogh

Shops:
D:8 !


Innate Abilities, Weirdness & Mutations

You have very sharp fingernails.
You are mostly covered in rugged brown scales. (AC +2, +5% HP)
You are immune to rotting.
You have a pair of small horns on your head.
You have sharp toenails.
Your mind is acute. (Int +2)
You are clumsy. (Dex -2)
You have an increased reservoir of magic. (+10% MP)
Your spells are a little harder to cast, but a little more powerful.


Message History

You see here an enchanted long sword.
You feel much better.
The shock serpent shoots out a bolt of lightning at you!
The bolt of electricity hits you!
* * * LOW HITPOINT WARNING * * *
The shock serpent shoots out a bolt of lightning at you!
The bolt of electricity hits you!
* * * LOW HITPOINT WARNING * * *
You feel much better.
You feel yourself speed up. The shock serpent bites you!
* * * LOW HITPOINT WARNING * * *
The shock serpent shocks you!
* * * LOW HITPOINT WARNING * * *
The shock serpent bites you but does no damage.
The shock serpent closely misses you.
You flicker for a moment.
The shock serpent shoots out a bolt of lightning at you!
The bolt of electricity hits you!
You die...

##########
##...##...##
#######..[.......##
..................#
####.##..?....S@...#
#....##....)....).<#
#((..........)##
.....>.###........##
....##.# ####.#####
##. #.. #.# .. ...
..# . .... ####
.....


You could see a shock serpent.

Vanquished Creatures
  Frances (D:12)
  The ghost of Agrougrou the Basher, a journeyman FoFi of Okawaru (D:12)
  The ghost of Vorshek the Transmogrifier, a journeyman DrTm of Okawaru (D:12)
  A dancing weapon (D:13)
  An unseen horror (D:11)
  Pikel (D:4)
  4 hill giants
  A cyclops (D:12)
  A manticore (D:11)
  A komodo dragon (D:12)
  3 trolls
  A two-headed ogre (D:12)
  A hornet (D:12)
  A hippogriff (D:9)
  2 shadows
  A spriggan (D:7)
  The ghost of Lucio the Conjurer, an amateur VSCj of Vehumet (D:4)
  2 wyverns
  18 yaks
  Eustachio (D:4)
  4 hungry ghosts
  A mottled dragon (D:11)
  Menkaure (D:5)
  6 orc warriors
  An ice beast (D:11)
  An eye of draining (D:9)
  3 black bears
  2 phantoms
  6 ogres
  4 sky beasts
  5 centaurs
  A crocodile (D:12)
  4 big kobolds
  5 bullfrogs
  A wyvern zombie (D:12)
  5 scorpions
  8 wights
  9 killer bees
  2 howler monkeys
  5 crimson imps
  2 centaur zombies
  A gnoll shaman (D:6)
  7 orc priests
  2 bullfrog skeletons
  11 hounds
  4 jellies
  3 centaur skeletons
  4 iguanas
  10 orc wizards
  8 worker ants
  A killer bee zombie (D:7)
  A hound skeleton (D:5)
  A howler monkey zombie (D:6)
  2 worker ant zombies
  17 adders
  11 gnolls
  3 shadow imps
  An ooze (Sewer)
  An adder zombie (D:8)
  2 adder skeletons
  A worm (D:2)
  5 dart slugs
  5 leopard geckos
  41 orcs
  9 bats
  8 giant cockroaches
  9 goblins
  2 hobgoblins
  4 jackals
  26 kobolds
  5 quokkas
  4 ball pythons
  6 frilled lizards
  A leopard gecko skeleton (D:6)
  7 rats
343 creatures vanquished.

Vanquished Creatures (collateral kills)
  2 orcs (D:11)
2 creatures vanquished.

Vanquished Creatures (others)
  A wyvern (D:12)
  A crocodile (D:13)
  2 iguanas
  A hound skeleton (D:4)
  An adder (D:12)
  An orc (D:13)
  A kobold (D:9)
8 creatures vanquished.

Grand Total: 353 creatures vanquished

Notes
Turn   | Place    | Note
-------+----------+-------------------------------------------
     0 | D:1      | Hybris the Demonspawn Berserker began the quest for the Orb.
     0 | D:1      | Reached XP level 1. HP: 18/18 MP: 1/1
   567 | D:1      | Gained mutation: You have sharp fingernails. [demonic ancestry]
   567 | D:1      | Reached XP level 2. HP: 22/24 MP: 2/2
  1445 | D:1      | Gained mutation: You are clumsy. (Dex -2) [potion of mutation]
  1445 | D:1      | Gained mutation: Your spells are a little harder to cast, but a little more powerful. [potion of mutation]
  1446 | D:1      | Gained mutation: Your mind is acute. (Int +2) [potion of mutation]
  1446 | D:1      | Gained mutation: You have sharp toenails. [potion of mutation]
  1446 | D:1      | Gained mutation: You have an increased reservoir of magic. (+10% MP) [potion of mutation]
  1447 | D:1      | Gained mutation: You possess an exceptional clarity of mind. [potion of mutation]
  1447 | D:1      | Gained mutation: You have a pair of small horns on your head. [potion of mutation]
  1447 | D:1      | Lost mutation: You possess an exceptional clarity of mind. [potion of mutation]
  1581 | D:2      | Gained mutation: You have very sharp fingernails. [demonic ancestry]
  1581 | D:2      | Reached XP level 3. HP: 29/29 MP: 3/3
  1597 | D:2      | Reached ** piety under Trog
  2233 | D:2      | Found a shimmering altar of Xom.
  2343 | D:2      | Reached XP level 4. HP: 35/35 MP: 4/4
  2987 | D:3      | Found a glowing drain.
  3159 | Sewer    | Entered a sewer
  3259 | Sewer    | Noticed a big kobold
  3268 | Sewer    | Reached skill level 5 in Axes
  3271 | Sewer    | Killed a big kobold
  3271 | Sewer    | Gained mutation: You are partially covered in rugged brown scales. (AC +1, +3% HP) [demonic ancestry]
  3271 | Sewer    | Reached XP level 5. HP: 13/42 MP: 5/5
  3698 | Sewer    | Reached XP level 6. HP: 48/48 MP: 6/6
  4003 | D:3      | Found a bloodstained altar of Trog.
  4079 | D:3      | Reached *** piety under Trog
  4495 | D:4      | Found a staircase to the Ecumenical Temple.
  4511 | D:4      | Noticed a slave
  4512 | D:4      | Noticed Pikel
  4512 | D:4      | Noticed a slave
  4512 | D:4      | Noticed a slave
  4513 | D:4      | Noticed a slave
  4520 | D:4      | Noticed Eustachio
  4525 | D:4      | Killed Pikel
  4525 | D:4      | Reached skill level 3 in Maces & Flails
  4525 | D:4      | Gained mutation: You are mostly covered in rugged brown scales. (AC +2, +5% HP) [demonic ancestry]
  4525 | D:4      | Reached XP level 7. HP: 13/57 MP: 7/7
  4538 | Temple   | Entered the Ecumenical Temple
  5499 | D:4      | Killed Eustachio
  5499 | D:4      | Reached skill level 5 in Fighting
  5499 | D:4      | Reached skill level 4 in Maces & Flails
  5553 | D:4      | Reached XP level 8. HP: 63/65 MP: 8/8
  5727 | D:4      | Noticed Lucio's ghost (amateur VSCj)
  5738 | D:4      | Killed Lucio's ghost
  5738 | D:4      | Reached skill level 5 in Maces & Flails
  6234 | D:5      | Entered Level 5 of the Dungeon
  6447 | D:5      | Noticed Menkaure
  6453 | D:5      | Killed Menkaure
  6656 | D:5      | Reached skill level 6 in Maces & Flails
  6860 | D:5      | Found a deep blue altar of Sif Muna.
  7235 | D:6      | Reached skill level 7 in Maces & Flails
  7246 | D:6      | Reached **** piety under Trog
  7252 | D:6      | Reached XP level 9. HP: 53/74 MP: 9/9
  7264 | D:6      | Found a shadowy altar of Dithmenos.
  7550 | D:6      | Found a shadowy altar of Dithmenos.
  8160 | D:7      | Reached skill level 8 in Maces & Flails
  8639 | D:7      | Found a basalt altar of Yredelemnul.
  8957 | D:7      | Found a stormy altar of Qazlal.
  9113 | D:8      | Reached skill level 9 in Maces & Flails
  9143 | D:8      | Reached ***** piety under Trog
  9293 | D:8      | Found Xydob's Distillery.
  9317 | D:8      | Bought a potion of heal wounds for 65 gold pieces
  9651 | D:8      | Found a staircase to the Lair.
  9673 | D:8      | Reached skill level 1 in Shields
  9673 | D:8      | Reached XP level 10. HP: 40/84 MP: 11/11
 10602 | D:9      | Received a gift from Trog
 10671 | D:9      | Reached skill level 10 in Maces & Flails
 10786 | D:9      | Found an opulent altar of Gozag.
 11299 | D:10     | Entered Level 10 of the Dungeon
 11368 | D:10     | Noticed a hill giant
 11374 | D:10     | Killed a hill giant
 11905 | D:10     | Reached skill level 11 in Maces & Flails
 12224 | D:10     | Noticed a hill giant
 12231 | D:10     | Killed a hill giant
 12231 | D:10     | Reached XP level 11. HP: 75/94 MP: 12/12
 12596 | D:11     | Killed an unseen horror
 12730 | D:11     | Noticed a hill giant
 12735 | D:11     | Killed a hill giant
 12735 | D:11     | Reached skill level 10 in Fighting
 12771 | D:11     | Received a gift from Trog
 13137 | D:11     | Found a roughly hewn altar of Beogh.
 13137 | D:11     | Found a staircase to the Orcish Mines.
 13160 | D:11     | Reached skill level 12 in Maces & Flails
 14091 | D:12     | Noticed Frances
 14107 | D:12     | Killed Frances
 14506 | D:12     | Noticed Vorshek's ghost (journeyman DrTm)
 14523 | D:12     | Killed Vorshek's ghost
 14777 | D:12     | Gained mutation: You are immune to rotting. [demonic ancestry]
 14777 | D:12     | Reached XP level 12. HP: 80/103 MP: 13/13
 14799 | D:12     | Reached skill level 13 in Maces & Flails
 14887 | D:12     | Noticed Agrougrou's ghost (journeyman FoFi)
 14894 | D:12     | Killed Agrougrou's ghost
 15001 | D:12     | Received a gift from Trog
 15435 | D:13     | Reached skill level 5 in Armour
 15929 | D:13     | HP: 4/105 [shock serpent (shapeshifter)/bolt of electricity (16)]
 15935 | D:13     | Killed from afar by a shock serpent (shapeshifter)

Skill      XL: |  1  2  3  4  5  6  7  8  9 10 11 12 |
---------------+-------------------------------------+-----
Axes           | 3 4 5 6 |  6.5
Fighting       | 4 5 6 8 9 10 11 | 11.2
Maces & Flails | 3 4 7 9 11 12 13 | 13.6
Shields        | 1 |  1.9
Armour         | 4 5 |  5.4
Dodging        | |  1.7

Action                   |  1- 3 |  4- 6 |  7- 9 | 10-12 || total
-------------------------+-------+-------+-------+-------++-------
Melee: Hand axe          |   135 |   146 |       |       ||   281
       Kick              |    12 |    32 |   134 |   120 ||   298
       Headbutt          |     6 |    15 |    79 |    58 ||   158
       Whip              |       |    22 |   476 |    91 ||   589
       Great mace        |       |       |       |   369 ||   369
Invok: Berserk           |     2 |     4 |     4 |    12 ||    22
       Trog's Hand       |       |       |     2 |     8 ||    10
       Burn Spellbooks   |       |       |       |     2 ||     2
       Brothers in Arms  |       |       |       |     2 ||     2
Evoke: Wand              |       |       |       |     2 ||     2
  Use: Scroll            |     5 |     2 |     7 |     4 ||    18
       Potion            |     3 |       |     5 |    10 ||    18
 Stab: Sleeping          |     2 |     1 |     9 |       ||    12
  Eat: Chunk             |     5 |    10 |    15 |    24 ||    54
       Beef jerky        |       |     1 |     1 |       ||     2
       Bread ration      |       |       |     1 |     2 ||     3
       Meat ration       |       |       |       |     2 ||     2
       Royal jelly       |       |       |       |     1 ||     1
       Fruit             |       |       |       |     2 ||     2
Armor: Animal skin       |    25 |    70 |    44 |       ||   139
       Leather armour    |       |       |   124 |     2 ||   126
       Chain mail        |       |       |       |   399 ||   399
Dodge: Dodged            |    79 |   106 |   204 |   193 ||   582
Block: Shield            |       |       |     5 |    20 ||    25
